 Dungeon Crawl Stone Soup version 0.17-a0-2127-g1cb09f6 (webtiles) character file.

30456 Adamkad1 the Blocker (level 13, -20/113 HPs)
             Began as a Hill Orc Fighter on Oct 21, 2015.
             Was a High Priest of Beogh.
             Demolished by an apocalypse crab (23 damage)
             ... while paralysed by you
             ... on level 2 of the Abyss on Oct 22, 2015.
             The game lasted 01:10:31 (16100 turns).

Adamkad1 the Blocker (Hill Orc Fighter)            Turns: 16100, Time: 01:10:31

Health: -20/113    AC:  0    Str: 29    XL:     13   Next: 51%
Magic:  14/14      EV:  5    Int:  8    God:    Beogh [*****.]
Gold:   1013       SH:  0    Dex: 10    Spells: 0 memorised, 12 levels left

rFire  . . .     SeeInvis .     (weapon currently unavailable)
rCold  . . .     Clarity  .     (armour currently unavailable)
rNeg   . . .     SustAt   .     (shield currently unavailable)
rPois  .         Gourm    .     (helmet currently unavailable)
rElec  .         Spirit   .     (cloak currently unavailable)
rCorr  .         Warding  .     (gloves currently unavailable)
rMut   .         Stasis   .     (boots currently unavailable)
MR     .....                    (amulet currently unavailable)
Stlth  ++........               (ring currently unavailable)
                                (ring currently unavailable)

@: paralysed, mighty, lethally poisoned (-20 -> -21), about to teleport,
porcupine-form (expiring), very slightly contaminated, slowed, invisible, quick,
not resistant to hostile enchantments, unstealthy
A: walk on water, (molten scales 0), slow regeneration 1
a: Smiting, Recall Orcish Followers, Give Item to Named Follower, Renounce
Religion


You were on level 2 of the Abyss.
You worshipped Beogh.
Beogh was extremely pleased with you.
You were very hungry.
You were a spiny porcupine.
You visited 2 branches of the dungeon, and saw 15 of its levels.
You visited the Abyss 1 time.

You collected 1013 gold pieces.

Inventory:

Hand Weapons
 t - a +1 morningstar of protection
 u - a +3 shortbow
 B - a +0 war axe of venom
 H - a +3 war axe of chopping (melded)
Armour
 c - a +4 shield (melded)
 r - a +0 large shield
 C - the +5 robe of vines (melded) {DeviceHeal--- Regen++++++}
   (You found it on level 7 of the Dungeon)

   It increases your rate of regeneration.
 N - a +2 pair of gloves of dexterity (melded)
 Z - a +2 hat of see invisible (melded)
Jewellery
 a - a ring of sustain attributes (melded)
 b - an uncursed ring of protection from magic {unknown}
 i - an amulet of guardian spirit (melded)
 v - an uncursed ring of flight
 w - an uncursed amulet of resist corrosion
 y - an uncursed amulet of the gourmand
 O - an uncursed ring of ice
 U - a ring of protection from fire (melded)
Wands
 j - a wand of confusion (24)
 F - a wand of frost (24)
 G - a wand of lightning (0)
 I - a wand of disintegration (5)
 J - a wand of draining (7)
 K - a wand of flame (35)
 M - a wand of slowing (14)
 R - a wand of enslavement (8)
 X - a wand of frost (43)
Scrolls
 f - 4 scrolls of recharging
 g - 10 scrolls of identify
 m - 3 scrolls of magic mapping
 n - 3 scrolls of teleportation
 q - 9 scrolls of remove curse
 E - 6 scrolls of immolation
 T - a scroll of brand weapon {unknown}
 W - a scroll of enchant armour
Potions
 l - 2 potions of resistance
 o - 3 potions of curing
 s - a potion of brilliance
 z - 5 potions of heal wounds
Books
 d - Sif Muna's Papyrus of Enhancements
   (You found it on level 4 of the Dungeon)

   Spells                             Type                      Level
   a - Infusion                       Charms                       1
 k - Kikubaaqudgha's Papyrus of Evil Rites
   (You found it on level 4 of the Dungeon)

   Spells                             Type                      Level
   a - Animate Skeleton               Necromancy                   1
 p - Vehumet's Compendium of Attacks
   (You found it on level 4 of the Dungeon)

   Spells                             Type                      Level
   a - Magic Dart                     Conjuration                  1
 x - a book of Battle

   Spells                             Type                      Level
   a - Infusion                       Charms                       1
   b - Shroud of Golubria             Charms/Translocation         2
   c - Song of Slaying                Charms                       2
   d - Spectral Weapon                Hexes/Charms                 3
   e - Regeneration                   Charms/Necromancy            3
 P - a book of Death

   Spells                             Type                      Level
   a - Corpse Rot                     Necromancy                   2
   b - Sublimation of Blood           Necromancy                   2
   c - Agony                          Necromancy                   5
   d - Dispel Undead                  Necromancy                   5
   e - Excruciating Wounds            Charms/Necromancy            5
   f - Bolt of Draining               Conjuration/Necromancy       5
 Y - a book of the Tempests

   Spells                             Type                      Level
   a - Static Discharge               Conjuration/Air              3
   b - Lightning Bolt                 Conjuration/Air              5
   c - Fireball                       Conjuration/Fire             5
   d - Tornado                        Air                          9
   e - Shatter                        Earth                        9
Miscellaneous
 L - a plain deck of summoning
Comestibles
 e - 7 bread rations
 h - 9 meat rations
 A - a slice of pizza
 D - 2 royal jellies
 S - 2 fruits
 V - 2 beef jerkies


   Skills:
 + Level 10.0 Fighting
 + Level 11.9 Axes
 * Level 11.8 Armour
 + Level 8.0 Dodging
 + Level 3.1 Stealth
 * Level 13.7 Shields
 + Level 1.1 Invocations
 + Level 1.8 Evocations


You had 12 spell levels left.
You didn't know any spells.

Dungeon Overview and Level Annotations

Branches:
Dungeon (14/15)            Temple (1/1) D:6            Lair (0/8) D:9
    Orc (0/4) D:10         Vaults (0/5) D:13

Altars:
Ashenzari
Dithmenos
Elyvilon
Fedhas
Gozag
Kikubaaqudgha
Makhleb
Nemelex Xobeh
Ru
Sif Muna
Vehumet
Xom
Yredelemnul
Zin
The Shining One

Shops:
D:4 }   D:7 %   D:8 :

Annotations:
D:10 Ohli's ghost, novice MiMo
D:11 1 exclusion
D:14 Rupert


Innate Abilities, Weirdness & Mutations

You can walk on water.
((You are partially covered in molten scales (AC +1).))
You regenerate slowly when monsters are visible.


Message History

The blast of chaos engulfs you! You resist with some effort.
You suddenly lose the ability to move!
You feel sick.
The apocalypse crab is engulfed in seething chaos.
The apocalypse crab breathes chaos at you.
The blast of chaos engulfs you!
You shrug off the repeated paralysis!
You briefly vibrate.
You feel sick.
Careful!
Your transformation is almost over.
The apocalypse crab bites you!
You are engulfed in flames!
The apocalypse crab claws you.
You are engulfed in flames!
You feel sick. The apocalypse crab bites you.
* * * LOW HITPOINT WARNING * * *
The apocalypse crab freezes you!
* * * LOW HITPOINT WARNING * * *
The apocalypse crab claws you!
* * * LOW HITPOINT WARNING * * *
The apocalypse crab bites you! Beogh protects you from harm!
The apocalypse crab freezes you!!
You die...

...).8 . ......# .
....... ##.
....... ..
#......#.######
.........##.8.##
......≈≈....#..♣#
≈...≈≈≈rt.......##
≈≈≈≈≈≈≈≈.........#
≈≈≈≈≈≈≈≈...#...# #
#
≈≈.≈≈≈≈≈.........#
..
≈≈≈≈≈≈≈≈≈..$....#
.#.
≈≈≈≈≈≈≈≈≈....... .
.#≈
≈≈≈≈≈≈≈≈≈≈≈...###.
#≈≈≈
≈≈≈≈≈≈≈≈≈≈≈≈.##
..≈≈≈≈ #≈≈
≈≈...####≈≈≈≈≈


You could see an apocalypse crab.

Vanquished Creatures
  Fannar (D:12)
  A centaur warrior (D:14)
  Erolcha (D:8)
  The ghost of Ohli the Protected, a novice MiMo (D:6)
  4 skeletal warriors (D:11)
  3 hill giants
  Pikel (D:4)
  An orc knight (D:10)
  An ugly thing (D:11)
  A large abomination (Abyss:1)
  A centaur zombie (D:12)
  A cyclops (D:11)
  A fire giant skeleton (Abyss:2)
  A gargoyle (D:10)
  A fire drake (D:9)
  A kobold demonologist (D:11)
  3 starcursed masses (Abyss:2)
  The ghost of Adamkad1 the Covered, an amateur HOFi of Beogh (D:4)
  A troll (D:9)
  Prince Ribbit (D:9)
  6 slime creatures
  A two-headed ogre (D:11)
  2 ynoxinuls (Abyss:1)
  A spriggan (D:10)
  2 wraiths
  A deep elf mage (D:11)
  A small abomination (Abyss:1)
  23 yaks
  A chaos spawn (Abyss:1)
  A human (D:11)
  A fire elemental (D:11)
  A wyvern (D:12)
  2 hippogriffs
  A hungry ghost (D:6)
  4 orc warriors
  2 ice beasts
  4 ogres
  3 sky beasts
  3 black bears
  6 centaurs
  A necrophage (D:11)
  2 slaves (D:4)
  6 phantoms
  2 big kobolds (D:11)
  A brain worm (Abyss:1)
  A wyvern zombie (D:12)
  10 giant frogs
  A wyvern skeleton (D:7)
  10 killer bees
  4 scorpions
  3 jellies
  3 wights (D:11)
  A crimson imp (D:8)
  3 quasits
  A giant frog zombie (D:13)
  6 orc wizards
  3 hounds
  3 centaur skeletons
  2 giant frog skeletons
  4 iguanas
  5 worker ants
  A hound skeleton (D:7)
  2 worker ant zombies
  11 gnolls
  14 adders
  6 shadow imps
  An adder zombie (D:7)
  5 worms
  2 adder skeletons
  29 orcs
  3 ball pythons
  6 bats
  5 giant cockroaches
  13 hobgoblins
  14 jackals
  3 quokkas
  13 giant geckos
  3 giant newts
  11 goblins
  A jackal skeleton (D:5)
  15 kobolds
  2 quokka skeletons
  A quokka zombie (D:5)
  7 rats
  2 starspawn tentacles (Abyss:2)
335 creatures vanquished.

Vanquished Creatures (collateral kills)
  A very ugly thing (D:13)
  A salamander stormcaller (D:13)
  A vault guard (D:13)
  A hydra (D:12)
  An ogre mage (D:13)
  A hill giant (D:14)
  A manticore (D:14)
  A griffon (D:13)
  A cyclops (D:13)
  A wyvern (D:14)
  A two-headed ogre (D:14)
  6 slime creatures
  4 yaks
  2 hippogriffs
  2 vampire mosquitoes (D:13)
  2 ice beasts
  2 orc warriors
  A phantom (D:13)
  A sky beast (D:14)
  3 centaurs
  A necrophage (D:12)
  A crocodile (D:10)
  An earth elemental (D:11)
  A wyvern zombie (D:13)
  2 hounds
  A crimson imp (D:11)
  A jelly (D:14)
  An iguana (D:14)
  2 worker ants
  2 orc wizards (D:10)
  2 adders (D:10)
  5 orcs
  2 hobgoblins (D:10)
  3 jackals
59 creatures vanquished.

Vanquished Creatures (others)
  4 orc warriors
  An air elemental (D:11)
  A water elemental (D:11)
  2 slaves (D:4)
  An ogre (D:8)
  A sky beast (D:11)
  A hound (D:8)
  3 orc priests
  5 orc wizards
  A centaur skeleton (D:11)
  19 orcs
  15 plants (D:6)
  5 starspawn tentacles (Abyss:2)
  106 starspawn tentacle segments (Abyss:2)
165 creatures vanquished.

Grand Total: 559 creatures vanquished

Notes
Turn   | Place    | Note
--------------------------------------------------------------
     0 | D:1      | Adamkad1 the Hill Orc Fighter began the quest for the Orb.
     0 | D:1      | Reached XP level 1. HP: 19/19 MP: 1/1
    74 | D:1      | Reached XP level 2. HP: 27/27 MP: 2/2
   369 | D:1      | Reached skill level 4 in Fighting
   370 | D:1      | Reached XP level 3. HP: 31/33 MP: 3/3
   564 | D:1      | Found a shimmering altar of Xom.
   908 | D:2      | Reached XP level 4. HP: 35/40 MP: 4/4
  1166 | D:2      | Found a sparkling altar of Nemelex Xobeh.
  1167 | D:2      | Found an opulent altar of Gozag.
  1172 | D:2      | Reached skill level 1 in Dodging
  1278 | D:2      | Reached XP level 5. HP: 35/47 MP: 5/5
  1873 | D:3      | Found a burning altar of Makhleb.
  1928 | D:3      | Found a glowing silver altar of Zin.
  1928 | D:3      | Noticed an angel
  1928 | D:3      | Noticed a cacodemon
  2504 | D:4      | Became a worshipper of Beogh the Brigand
  2662 | D:4      | Noticed a slave
  2662 | D:4      | Noticed a slave
  2663 | D:4      | Noticed a slave
  2670 | D:4      | Found Tagraph's Gadget Shoppe.
  2684 | D:4      | Noticed a slave
  2696 | D:4      | Noticed Adamkad1's ghost (amateur HOFi)
  2697 | D:4      | Noticed Pikel
  2719 | D:4      | Killed a slave
  2723 | D:4      | HP: 2/47 [Pikel/whip of flaming (3)]
  2724 | D:4      | Killed Pikel
  2724 | D:4      | Reached skill level 5 in Fighting
  2724 | D:4      | Reached skill level 6 in Armour
  2724 | D:4      | Reached skill level 5 in Shields
  2724 | D:4      | Reached XP level 6. HP: 1/56 MP: 0/6
  2724 | D:4      | Reached XP level 7. HP: 1/61 MP: 0/7
  2724 | D:4      | Killed a slave
  2728 | D:4      | Killed a freed slave
  2749 | D:5      | Entered Level 5 of the Dungeon
  3305 | D:4      | Killed a freed slave
  3341 | D:4      | Gained mutation: You have supernaturally acute eyesight. [potion of mutation]
  3341 | D:4      | Gained mutation: You can spit weak poison. [potion of mutation]
  3341 | D:4      | Gained mutation: You are partially covered in molten scales (AC +1). [potion of mutation]
  3347 | D:4      | Noticed an ogre
  3427 | D:4      | Killed an ogre
  3427 | D:4      | Reached skill level 5 in Axes
  3427 | D:4      | Reached XP level 8. HP: 28/70 MP: 3/8
  4104 | D:4      | Found a deep blue altar of Sif Muna.
  4106 | D:4      | Found an ancient bone altar of Kikubaaqudgha.
  4106 | D:4      | Found a radiant altar of Vehumet.
  4111 | D:4      | Identified Sif Muna's Papyrus of Enhancements
  4119 | D:4      | Identified Kikubaaqudgha's Papyrus of Evil Rites
  4128 | D:4      | Identified Vehumet's Compendium of Attacks
  4695 | D:5      | Found a shattered altar of Ashenzari.
  4748 | D:5      | Reached * piety under Beogh
  4795 | D:5      | Reached skill level 7 in Armour
  5039 | D:6      | Found a staircase to the Ecumenical Temple.
  5117 | Temple   | Entered the Ecumenical Temple
  5169 | D:6      | Noticed Ohli's ghost (novice MiMo)
  5940 | D:6      | Reached XP level 9. HP: 73/75 MP: 9/9
  5991 | D:6      | Found an opulent altar of Gozag.
  6315 | D:7      | Found Ugooluch's Food Emporium.
  6434 | D:7      | Reached skill level 8 in Armour
  6586 | D:7      | Found a white marble altar of Elyvilon.
  7834 | D:6      | Reached ** piety under Beogh
  8465 | D:6      | Killed Ohli's ghost
  8465 | D:6      | Reached skill level 9 in Shields
  8465 | D:6      | Reached XP level 10. HP: 84/84 MP: 3/10
  8700 | D:4      | Killed Adamkad1's ghost
  9616 | D:8      | Found a shimmering altar of Xom.
  9812 | D:8      | Reached skill level 10 in Shields
  9892 | D:8      | Noticed Erolcha
  9900 | D:8      | Killed Erolcha
 10056 | D:8      | Found Xyubax's Book Boutique.
 10377 | D:9      | Reached *** piety under Beogh
 10427 | D:9      | Found a staircase to the Lair.
 10444 | D:9      | Reached skill level 5 in Dodging
 10444 | D:9      | Reached XP level 11. HP: 87/92 MP: 8/11
 10547 | D:9      | Reached skill level 1 in Stealth
 10559 | D:9      | Noticed Prince Ribbit
 10567 | D:9      | Killed Prince Ribbit
 10606 | D:9      | Found a shadowy altar of Dithmenos.
 10613 | D:9      | Gained mutation: You have large cloven feet. [mutagenic meat]
 10614 | D:9      | Gained mutation: You are somewhat resistant to further mutation. [mutagenic meat]
 10615 | D:9      | Gained mutation: You occasionally shout uncontrollably at your foes. [mutagenic meat]
 10617 | D:9      | Gained mutation: You are dopey. (Int -2) [mutagenic meat]
 10621 | D:9      | Found a basalt altar of Yredelemnul.
 10621 | D:9      | Found a glowing golden altar of the Shining One.
 10621 | D:9      | Found a sacrificial altar of Ru.
 10702 | D:9      | Identified a scroll of acquirement
 10746 | D:9      | You fall through a shaft for 2 floors!
 10771 | D:11     | Reached skill level 11 in Shields
 10805 | D:11     | Noticed a hill giant
 11002 | D:10     | Entered Level 10 of the Dungeon
 11042 | D:10     | Killed a hill giant
 11042 | D:10     | Reached skill level 10 in Armour
 11070 | D:10     | Found a blossoming altar of Fedhas.
 11187 | D:10     | Noticed Ohli's ghost (novice MiMo)
 11324 | D:10     | Reached **** piety under Beogh
 11375 | D:10     | Noticed an orc knight
 11387 | D:10     | Killed an orc knight
 11387 | D:10     | Reached skill level 1 in Evocations
 11574 | D:10     | Found a staircase to the Orcish Mines.
 11877 | D:11     | Gained Arbolt as an ally
 12041 | D:11     | Reached skill level 10 in Axes
 12069 | D:11     | Noticed a skeletal warrior
 12071 | D:11     | Noticed a skeletal warrior
 12072 | D:11     | Noticed a skeletal warrior
 12074 | D:11     | Noticed a skeletal warrior
 12083 | D:11     | Your ally Arbolt died
 12207 | D:11     | Killed a skeletal warrior
 12226 | D:11     | Killed a skeletal warrior
 12246 | D:11     | Killed a skeletal warrior
 12246 | D:11     | Reached skill level 12 in Shields
 12246 | D:11     | Reached XP level 12. HP: 103/103 MP: 8/13
 12268 | D:11     | Killed a skeletal warrior
 12579 | D:11     | Reached skill level 1 in Invocations
 13142 | D:11     | Found a large runed door.
 13142 | D:11     | Found a large runed door.
 13534 | D:12     | Noticed a five-headed hydra
 13543 | D:12     | Killed an eight-headed hydra
 13669 | D:12     | Noticed Fannar
 13683 | D:12     | Killed Fannar
 13764 | D:12     | Reached ***** piety under Beogh
 13839 | D:12     | Gained Marbork as an ally
 14283 | D:13     | Gained Dorog as an ally
 14395 | D:13     | Lost mutation: You are somewhat resistant to further mutation. [potion of cure mutation]
 14395 | D:13     | Lost mutation: You occasionally shout uncontrollably at your foes. [potion of cure mutation]
 14395 | D:13     | Lost mutation: You have supernaturally acute eyesight. [potion of cure mutation]
 14395 | D:13     | Lost mutation: You can spit weak poison. [potion of cure mutation]
 14567 | D:13     | Noticed an ogre mage
 14570 | D:13     | Noticed a salamander stormcaller
 14572 | D:13     | Killed an ogre mage
 14573 | D:13     | Noticed a green very ugly thing
 14578 | D:13     | Killed a green very ugly thing
 14585 | D:13     | Killed a salamander stormcaller
 14585 | D:13     | Reached XP level 13. HP: 111/111 MP: 12/14
 14600 | D:13     | Gained mutation: You regenerate slowly when monsters are visible. [mutagenic meat]
 14601 | D:13     | Gained mutation: Your magical capacity is low (-10% MP). [mutagenic meat]
 14602 | D:13     | Gained mutation: You are frail (-10% HP). [mutagenic meat]
 14604 | D:13     | Gained mutation: You do not regenerate naturally when monsters are visible. [mutagenic meat]
 14605 | D:13     | Lost mutation: You have large cloven feet. [potion of cure mutation]
 14605 | D:13     | Lost mutation: You are frail (-10% HP). [potion of cure mutation]
 14605 | D:13     | Lost mutation: Your magical capacity is low (-10% MP). [potion of cure mutation]
 14605 | D:13     | Lost mutation: You are dopey. (Int -2) [potion of cure mutation]
 14605 | D:13     | Lost mutation: You do not regenerate naturally when monsters are visible. [potion of cure mutation]
 14636 | D:13     | Reached skill level 13 in Shields
 14857 | D:13     | Found a gate to the Vaults.
 14857 | D:13     | Noticed a vault guard
 14878 | D:13     | Killed a vault guard
 15603 | D:14     | Noticed Rupert
 15613 | D:14     | Cast into the Abyss (Rupert)
 15766 | Abyss:1  | Noticed a balrug
 15808 | Abyss:1  | Beogh protects you from harm!
 15928 | Abyss:2  | Noticed a starcursed mass
 15938 | Abyss:2  | Reached skill level 10 in Fighting
 15947 | Abyss:2  | Killed a starcursed mass
 15950 | Abyss:2  | Killed a starcursed mass
 15958 | Abyss:2  | Killed a starcursed mass
 15966 | Abyss:2  | Noticed an Executioner
 15979 | Abyss:2  | Noticed a profane servitor
 15981 | Abyss:2  | Noticed a revenant
 16044 | Abyss:2  | Noticed a tentacled starspawn
 16094 | Abyss:2  | Paralysed by you for 7 turns
 16099 | Abyss:2  | HP: 3/113 [apocalypse crab (15)]
 16100 | Abyss:2  | Beogh protects you from harm!
 16100 | Abyss:2  | Demolished by an apocalypse crab

Vault maps used:
D:1:      dpeg_arrival_water_altar
D:2:      grunt_temple_overflow_opulence, minivault_25
D:3:      grunt_temple_overflow_order_and_chaos_2
D:4:      grunt_temple_overflow_magic_moments, serial_shops,
          nicolae_shop_statue_plus, first_bread, uniq_pikel
D:5:      kennysheep_mini, supply_closet_lemuel
D:6:      minmay_temple_entry_statues_pillars, serial_bayou_lagoon_a,
          nicolae_gozag_cash_rules_everything_around_me
D:7:      old_standard_altar, serial_shops, kennysheep_little_box
D:8:      xom_confusion_cloud, serial_shops, shop, uniq_erolcha
D:9:      grunt_temple_overflow_open, minmay_lair_entry_lava,
          uniq_prince_ribbit1
D:10:     cheibrodos_orc_bank, serial_corexii_hall, corexii_hall_statues_u,
          corexii_hall_statues_i, basic_altar, spider_trap
D:11:     hangedman_stone_soup, kennysheep_cross_bottleneck,
          lightli_elemental_guards
D:12:     uniq_fannar
D:13:     minmay_curly_fans, david_vaults_5
D:14:     uniq_rupert
Temple:   nicolae_temple_hex_pool_5
Abyss:1:  hangedman_summoners_spam

Action                   |  1- 3 |  4- 6 |  7- 9 | 10-12 | 13-15 || total
-------------------------+-------+-------+-------+-------+-------++-------
Melee: War axe           |    91 |   154 |   400 |   755 |   153 ||  1553
Invok: Convert to Beogh  |       |     1 |       |       |       ||     1
       Smiting           |       |       |       |     2 |       ||     2
       Give Item to Name |       |       |       |     1 |     1 ||     2
       Recall Orcish Fol |       |       |       |       |     1 ||     1
 Abil: Spit Poison       |       |       |     7 |       |       ||     7
Evoke: Wand              |       |       |     1 |    34 |       ||    35
  Use: Scroll            |     2 |     3 |    15 |    11 |     6 ||    37
       Potion            |       |     7 |     4 |     3 |     1 ||    15
 Stab: Sleeping          |       |       |       |     2 |     1 ||     3
       Confused          |       |       |       |     6 |       ||     6
       Distracted        |       |       |       |     6 |       ||     6
  Eat: Chunk             |       |     3 |    15 |    23 |     8 ||    49
       Fruit             |       |     2 |     1 |     4 |       ||     7
       Pizza             |       |       |     1 |     1 |     1 ||     3
       Beef jerky        |       |       |     1 |       |       ||     1
       Bread ration      |       |       |       |     1 |       ||     1
